 Dungeon Crawl Stone Soup version 0.31.0-11-ge490571c62 (webtiles) character file.

Game seed: 18193240435358307559

566 Arcadio the Digger (level 7, 0/54 HPs)
             Began as a Gargoyle Earth Elementalist on Jan 27, 2024.
             Was an Initiate of Dithmenos.
             Slain by a gnoll sergeant
             ... wielding a +0 trident
              (6 damage)
             ... on level 6 of the Dungeon.
             The game lasted 00:09:22 (3920 turns).

Arcadio the Digger (Gargoyle Earth Elementalist)    Turns: 3920, Time: 00:09:23

Health: 0/54       AC: 23    Str: 11    XL:     7   Next: 32%
Magic:  6/13       EV:  2    Int: 24    God:    Dithmenos [......]
Gold:   161        SH:  0    Dex: 10    Spells: 2/14 levels left

rFire   . . .        z - +1 dagger (venom)
rCold   . . .        (no shield)
rNeg    + + .        t - melded +0 leather armour
rPois   ∞            E - melded +0 helmet
rElec   .            s - melded +0 cloak
rCorr   .            G - melded +0 pair of gloves
SInv    .            (boots currently unavailable)
Will    .....        j - amulet of faith
Stlth   ++           d - ring of positive energy
HPRegen 0.29/turn    H - +6 ring of intelligence
MPRegen 0.13/turn

%: faith
@: tree-form
A: stationary, stasis, torment immunity, boosted hp, sickness immunity, AC +4,
negative energy resistance 1, (electricity resistance), torment resistance 1,
petrification resistance
a: Renounce Religion


You were on level 6 of the Dungeon.
You worshipped Dithmenos.
Dithmenos was noncommittal.
You were a tree.
You visited 2 branches of the dungeon, and saw 7 of its levels.

You collected 171 gold pieces.
You spent 10 gold pieces at shops.

Inventory:

Hand Weapons
 e - a +0 hand axe
 z - a +1 dagger of venom (weapon)
Armour
 a - a +0 robe
 l - a +0 ring mail
 n - a +0 scale mail
 s - a +0 cloak (melded)
 t - a +0 leather armour (melded)
 E - a +0 helmet (melded)
 G - a +0 pair of gloves (melded)
Jewellery
 d - a ring of positive energy (left branch)
 j - an amulet of faith (around neck)
 m - an amulet of the acrobat
 H - a +6 ring of intelligence (right branch)
Wands
 w - a wand of flame (18)
Scrolls
 c - a scroll of noise {unknown}
 g - a scroll of fear {unknown}
 q - a scroll of torment {unknown}
 r - a scroll of identify
 x - a scroll of teleportation {unknown}
 y - a scroll of immolation {unknown}
 A - 5 scrolls of vulnerability {unknown}
 B - a scroll of amnesia {unknown}
 F - 3 scrolls of revelation {unknown}
Potions
 b - a potion of magic
 f - a potion of cancellation {unknown}
 h - a potion of lignification
 k - 3 potions of attraction {unknown}
 o - a potion of enlightenment {unknown}
 p - 4 potions of mutation
 u - a potion of might {unknown}
 v - a potion of brilliance {unknown}
 C - a potion of curing {unknown}
 D - a potion of heal wounds {unknown}
 I - a potion of resistance {unknown}


   Skills:
 + Level 4.6 Armour
 - Level 1.5 Dodging
 - Level 2.1 Stealth
 + Level 4.4 Spellcasting
 - Level 1.1 Conjurations
 + Level 6.3 Earth Magic


You had 2 spell levels left.
You knew the following spells:

 Your Spells              Type           Power      Damage    Failure   Level
a - Sandblast             Erth           70%        2d15      1%          1
b - Stone Arrow           Conj/Erth      46%        3d9       6%          3
c - Brom's Barrelling Bo  Conj/Erth      23%        2d4       21%         4
d - Petrify               Alch/Erth      20%        N/A       26%         4

Your spell library contained the following spells:

 Spells                   Type           Power      Damage    Failure   Level
 Freeze                   Ice            20%        1d4       10%         1
 Momentum Strike          Conj/Tloc      14%        3d8       12%         2
 Blink                    Tloc           10%        N/A       14%         2
 Lesser Beckoning         Tloc           10%        N/A       14%         2
 Passwall                 Erth           35%        N/A       1%          3
 Hailstorm                Conj/Ice       7%         3d5       22%         3
 Frozen Ramparts          Ice            10%        1d2       28%         3


Dungeon Overview and Level Annotations

Branches:
Dungeon (6/15)             Temple (1/1) D:5

Altars:
Ashenzari
Cheibriados
Dithmenos
Elyvilon
Fedhas
Hepliaklqana
Kikubaaqudgha
Okawaru
Qazlal
Ru
Trog
Wu Jian
Xom
Zin
The Shining One

Shops:
D:1 :(![


Innate Abilities, Weirdness & Mutations

You are a tree.
Your roots penetrate the ground, keeping you stationary.
You cannot be teleported.
You are immune to unholy pain and torment.
Your maximum health is greatly increased.
Your equipment is partially melded.
You are immune to sickness and miasma.
((Your stone body is resilient. (AC +4)))
You are immune to poison.
You resist negative energy. (rN+)
((You are resistant to electric shocks. (rElec)))
You are resistant to unholy torment.
You are immune to petrification.


Message History

Aiming: Sandblast (safe; 1% risk of failure)
Press: ? - help, Shift-Dir - straight line, f/p - gnoll sergeant
Aim: a gnoll sergeant, wielding a +0 trident and wearing a +0 scale mail (moderately wounded, 88% to hit)
The blast of sand hits the gnoll sergeant!
The gnoll sergeant is severely wounded.
Casting: Sandblast (safe; 1% risk of failure)
Confirm with . or Enter, or press ? or * to list all spells.
Aiming: Sandblast (safe; 1% risk of failure)
Press: ? - help, Shift-Dir - straight line, f/p - gnoll sergeant
Aim: a gnoll sergeant, wielding a +0 trident and wearing a +0 scale mail (severely wounded, 88% to hit)
The blast of sand hits the gnoll sergeant.
The gnoll sergeant is severely wounded.
Casting: Sandblast (safe; 1% risk of failure)
Confirm with . or Enter, or press ? or * to list all spells.
Aiming: Sandblast (safe; 1% risk of failure)
Press: ? - help, Shift-Dir - straight line, f/p - gnoll sergeant
Aim: a gnoll sergeant, wielding a +0 trident and wearing a +0 scale mail (severely wounded, 88% to hit)
The blast of sand misses the gnoll sergeant.
Casting: Sandblast (safe; 1% risk of failure)
Confirm with . or Enter, or press ? or * to list all spells.
Aiming: Sandblast (safe; 1% risk of failure)
Press: ? - help, Shift-Dir - straight line, f/p - gnoll sergeant
Aim: a gnoll sergeant, wielding a +0 trident and wearing a +0 scale mail (severely wounded, 88% to hit)
The blast of sand hits the gnoll sergeant.
The gnoll sergeant is almost dead.
The gnoll sergeant hits you from afar with a +0 trident.
* * * LOW HITPOINT WARNING * * *
Okay, then.
Okay, then.
You turn into a tree.
Your +0 cloak melds into your body.
Your +0 helmet melds into your body.
Your +0 pair of gloves melds into your body.
Your +0 leather armour melds into your body.
Your roots penetrate the ground.
The gnoll sergeant hits you but does no damage.
Okay, then.
The air fills with toxic fumes!
As you read the scroll of poison, it crumbles to dust.
The gnoll sergeant hits you from afar with a +0 trident.
You die...

#...### #.#.# #.## ###..§##
#.#.# ###'## #....§§###
#.#.#########..... #.....§§§#
#.#...............
#...†§##§###.##..............
#....§§§§§°§.................
#....§§§§§§○###.........####.
#....§§§§§§§§##.........# #.
#....§§§§§§§♣##.........# #.
#....§§§§§§§§§#.........#####
#....§#######g#.........##...
####### #g###########....
#######g§..# #....
#......###...# #.... #...ggg#
#..# ##.## #...g..# .# #. #
#......# #. #


You could see a gnoll sergeant and 2 gnolls.

Vanquished Creatures
  A sky beast (D:6)
  A phantom (D:4)
  A scorpion (D:6)
  5 hounds
  A jelly (D:5)
  6 adders
  A white imp (D:5)
  2 ufetubi (D:6)
  6 dart slugs
  A ribbon worm (D:4)
  6 orcs
  3 ball pythons
  3 bats
  9 endoplasms
  4 giant cockroaches
  4 goblins
  7 hobgoblins
  4 jackals (D:3)
  5 kobolds
  6 quokkas
  3 frilled lizards
  3 rats
82 creatures vanquished.

Notes
Turn   | Place    | Note
-------+----------+-------------------------------------------
     0 | D:1      | Arcadio the Gargoyle Earth Elementalist began the quest for
                  | the Orb.
     0 | D:1      | Reached XP level 1. HP: 10/10 MP: 3/3
   170 | D:1      | Found Uwnurec's Distillery.
   190 | D:1      | Bought a potion of degeneration for 10 gold pieces
   262 | D:1      | Reached XP level 2. HP: 15/15 MP: 5/5
   274 | D:1      | Reached skill level 1 in Armour
   346 | D:1      | Reached skill level 4 in Earth Magic
   385 | D:1      | Found Zalib's Antique Armour Shoppe.
   621 | D:1      | Found Jyts's Book Shop.
   626 | D:1      | Found Tuweelass's Weapon Boutique.
   861 | D:2      | Reached XP level 3. HP: 19/19 MP: 6/6
  1106 | D:2      | Reached XP level 4. HP: 24/24 MP: 5/8
  1319 | D:2      | Found a snail-covered altar of Cheibriados.
  1675 | D:3      | Learned a level 3 spell: Stone Arrow
  1686 | D:3      | Found a faded altar of an unknown god.
  2185 | D:4      | Reached XP level 5. HP: 28/28 MP: 7/9
  2387 | D:4      | Noticed a phantom
  2394 | D:4      | Killed a phantom
  2395 | D:4      | Reached skill level 5 in Earth Magic
  2395 | D:4      | Reached XP level 6. HP: 28/32 MP: 3/11
  2863 | D:5      | Entered Level 5 of the Dungeon
  3181 | D:5      | Found a staircase to the Ecumenical Temple.
  3190 | Temple   | Entered the Ecumenical Temple
  3216 | Temple   | Became a worshipper of Dithmenos the Shadowed
  3500 | D:5      | Found a sacrificial altar of Ru.
  3501 | D:5      | Found a shimmering altar of Xom.
  3634 | D:5      | Learned a level 4 spell: Brom's Barrelling Boulder
  3639 | D:5      | Learned a level 4 spell: Petrify
  3802 | D:6      | Reached skill level 6 in Earth Magic
  3804 | D:6      | Reached XP level 7. HP: 35/36 MP: 8/13
  3920 | D:6      | Slain by a gnoll sergeant

Illustrated notes

Levels and vault maps discovered:
D:1:      lemuel_arrival_tunnels, layout_basic, serial_shops,
          nicolae_shop_advertising_works [nicolae_subvault_shop_adworks],
          nicolae_diamond_shop, shop, shop, minmay_vboxes
D:2:      layout_rooms, basic_altar
D:3:      layout_basic, basic_ecumenical_altar
D:4:      layout_basic
D:5:      layout_loops_ring, gammafunk_temple_overflow_pools,
          minmay_temple_entry_mini_moons
D:6:      layout_basic
Temple:   cyrus_circular_temple

Skill      XL: |  1  2  3  4  5  6 |
---------------+-------------------+-----
Armour         | 1 2 3 4 |  4.6
Earth Magic    | 4 5 6 |  6.3
Spellcasting   | 3 4 |  4.4
Dodging        | |  1.5
Stealth        | |  2.1
Conjurations   | |  1.1

Action                     |  1- 3 |  4- 6 |  7- 9 || total
---------------------------+-------+-------+-------++-------
  Melee: Hand axe          |    60 |     6 |       ||    66
         Dagger            |       |     5 |    16 ||    21
   Cast: Sandblast         |    33 |    74 |    11 ||   118
    Use: Scroll            |       |     3 |     2 ||     5
         Potion            |       |       |     1 ||     1
   Stab: Sleeping          |     2 |       |       ||     2
 Armour: Robe              |    51 |    24 |       ||    75
         Leather armour    |       |     6 |    37 ||    43
         Skin              |       |       |     2 ||     2
  Dodge: Dodged            |    56 |    41 |    23 ||   120
